 Dungeon Crawl Stone Soup version 0.22.1-1-ga44c0e5 (webtiles) character file.

152 Fang the Chopper (level 5, 0/49 HPs)
             Began as a Gargoyle Berserker on Oct 17, 2018.
             Was a Believer of Trog.
             Killed by nerve-wracking pain
             ... invoked by a shadow imp
             ... summoned by Natasha
              (1 damage)
             ... on level 2 of the Dungeon.
             The game lasted 00:02:00 (2010 turns).

Fang the Chopper (Gargoyle Berserker)               Turns: 2010, Time: 00:02:01

Health: 0/49       AC:  6    Str: 27    XL:     5   Next: 34%
Magic:  5/5        EV: 12    Int:  7    God:    Trog [**....]
Gold:   81         SH:  0    Dex:  9    Spells: 4/4 levels left

rFire    . . .     SeeInvis .   a - +0 hand axe
rCold    . . .     Gourm    .   (no shield)
rNeg     + . .     Faith    .   b - +0 animal skin
rPois    ∞         Spirit   .   (no helmet)
rElec    +         Reflect  .   (no cloak)
rCorr    .         Harm     .   (no gloves)
MR       .....                  (no boots)
Stlth    ..........             (no amulet)
HPRegen  0.16/turn              (no ring)
MPRegen  0.09/turn              (no ring)

@: berserking, very quick
A: negative energy resistance 1, electricity resistance, unbreathing,
petrification resistance, rot immunity, AC +4
a: Berserk, Trog's Hand, Renounce Religion


You were on level 2 of the Dungeon.
You worshipped Trog.
Trog was pleased with you.
You were very hungry.

You visited 1 branch of the dungeon, and saw 2 of its levels.

You collected 81 gold pieces.

Inventory:

Hand Weapons
 a - a +0 hand axe (weapon)
Armour
 b - a +0 animal skin (worn)
Wands
 j - a wand of digging (16)
Scrolls
 d - a scroll of teleportation {unknown}
 e - a scroll of fog {unknown}
 h - a scroll of magic mapping {unknown}
 i - a scroll of identify {unknown}
 l - a scroll of enchant armour {unknown}
 o - a scroll of remove curse {unknown}
Potions
 f - a potion of magic {unknown}
 g - a potion of ambrosia {unknown}
 k - a potion of lignification {unknown}
 m - a potion of might {unknown}
 n - a potion of curing {unknown}
Comestibles
 c - 3 rations


   Skills:
 + Level 4.1 Fighting
 + Level 4.2 Axes
 + Level 2.5 Armour
 + Level 2.3 Dodging
 + Level 0.8 Stealth


You had 4 spell levels left.
You didn't know any spells.
Your spell library was empty.

Dungeon Overview and Level Annotations

Branches:
Dungeon (2/15)

Altars:

Annotations:
D:2 Natasha


Innate Abilities, Weirdness & Mutations

You are resistant to torment.
Your stone body is resilient. (AC +4)
You are immune to poison.
You resist negative energy. (rN+)
You are resistant to electric shocks. (rElec)
You can survive without breathing.
You are immune to petrification.
You are immune to rotting.


Message History

Trog accepts your kill.
Your Fighting skill increases to level 4!
Your Axes skill increases to level 4!
You have reached level 5!
You hit the orc priest. You hit the orc wizard.
You closely miss the orc wizard.
The orc wizard is severely wounded.
You hit the orc priest.
You kill the orc priest!
Trog accepts your kill.
A rat comes into view.
The orc wizard gestures at you while chanting.
The magic dart hits you!
* * * LOW HITPOINT WARNING * * *
You closely miss the orc wizard.
The orc wizard is severely wounded.
The orc wizard hits you but does no damage.
The shadow imp gestures at you. Pain shoots through your body!
You die...

.###### #.# ##
........ #. #.#
........ #.
#####.######
.####### #.
#...........
... #.
#.###.######
.### #. #.# #.#
.# #. #.# #.#
..
..####.######.#
#.# ##
......o@......#
#.#
#.#..8.))######
#.# #...8_8.#..
..#
#..h.8..#.##
### ##.5....#.#
.r......#.#
##..#.#.#.#
#..#.....#


You could see an orc wizard, Natasha, a shadow imp and a rat.

Vanquished Creatures
  2 orc priests (D:2)
  Terence (D:2)
  2 adders (D:2)
  A worm (D:2)
  2 leopard geckos (D:2)
  An orc (D:2)
  5 giant cockroaches
  4 goblins
  3 hobgoblins
  5 jackals (D:1)
  5 kobolds
  2 ball pythons (D:1)
  3 bats
  2 frilled lizards (D:1)
  6 rats
44 creatures vanquished.

Notes
Turn   | Place    | Note
-------+----------+-------------------------------------------
     0 | D:1      | Fang the Gargoyle Berserker began the quest for the Orb.
     0 | D:1      | Reached XP level 1. HP: 14/14 MP: 1/1
    69 | D:1      | Reached XP level 2. HP: 19/19 MP: 2/2
   821 | D:1      | Reached XP level 3. HP: 24/24 MP: 3/3
  1029 | D:2      | Reached ** piety under Trog
  1509 | D:2      | Reached XP level 4. HP: 21/29 MP: 4/4
  1593 | D:2      | Noticed Terence
  1608 | D:2      | Killed Terence
  1997 | D:2      | Found a faded altar of an unknown god.
  2005 | D:2      | Noticed Natasha
  2008 | D:2      | Reached XP level 5. HP: 10/33 MP: 5/5
  2009 | D:2      | HP: 1/49 [orc wizard/magic dart (10)]
  2010 | D:2      | Killed from afar by a shadow imp

Skill      XL: |  1  2  3  4 |
---------------+-------------+-----
Axes           | 3 4 |  4.2
Dodging        | 2 |  2.3
Fighting       | 4 |  4.1
Armour         | |  2.5
Stealth        | |  0.8

Action                   |  1- 3 |  4- 6 || total
-------------------------+-------+-------++-------
Melee: Hand axe          |   145 |    19 ||   164
Invok: Berserk           |     2 |     2 ||     4
 Stab: Sleeping          |       |     1 ||     1
  Eat: Chunk             |     4 |     2 ||     6
Armor: Animal skin       |    46 |     5 ||    51
Dodge: Dodged            |   115 |     5 ||   120
